 Dungeon Crawl Stone Soup version 0.17.0-7-gfadd4cc (webtiles) character file.

1206 TheBoneZone the Ruffian (level 8, -7/118 HPs)
             Began as a Troll Monk on Nov 8, 2015.
             Was a Believer of Trog.
             Mangled by a wight
             ... wielding a +0 halberd
              (11 damage)
             ... on level 6 of the Dungeon.
             The game lasted 00:23:26 (4317 turns).

TheBoneZone the Ruffian (Troll Monk)                Turns: 4317, Time: 00:23:26

Health: -7/118     AC:  5    Str: 27    XL:     8   Next: 21%
Magic:  7/7        EV: 11    Int:  6    God:    Trog [**....]
Gold:   284        SH:  0    Dex: 12    Spells: 0 memorised, 7 levels left

rFire  . . .     SeeInvis .       - Unarmed
rCold  . . .     Clarity  .     a - +0 robe
rNeg   . . .     SustAt   .     (no shield)
rPois  .         Gourm    +     (helmet restricted)
rElec  .         Spirit   .     (no cloak)
rCorr  +         Warding  .     (gloves unavailable)
rMut   .         Stasis   .     (boots unavailable)
MR     .....                    x - amulet of resist corrosion
Stlth  ..........               (no ring)
                                (no ring)

@: berserking, drained, very quick, not resistant to hostile enchantments,
extremely unstealthy
A: unfitting armour, claws 3, fast metabolism 3, gourmand, regeneration 2,
shaggy fur 1, tough skin 2
a: Berserk, Trog's Hand, Burn Spellbooks, Renounce Religion


You were on level 6 of the Dungeon.
You worshipped Trog.
Trog was pleased with you.
You were not hungry.

You visited 1 branch of the dungeon, and saw 6 of its levels.
You also visited: Ossuary.

You collected 284 gold pieces.

Inventory:

Armour
 a - a +0 robe (worn)
 n - a +0 robe
 o - a +0 robe
Jewellery
 x - an amulet of resist corrosion (around neck)
Wands
 i - a wand of polymorph (24)
 m - a wand of frost (28)
Scrolls
 c - 2 scrolls of identify
 j - 7 scrolls of remove curse
 l - 4 scrolls of random uselessness
 r - 2 scrolls of enchant armour {unknown}
 s - a scroll of teleportation
 t - 2 scrolls of blinking
 v - a scroll of noise {unknown}
Potions
 d - a potion of heal wounds {unknown}
 e - a potion of agility
 f - a potion of flight
 g - 2 potions of brilliance
 h - a potion of might
 k - 3 potions of lignification
 p - a potion of magic
 q - a potion of ambrosia
 u - 2 potions of curing
 z - a potion of resistance {unknown}
Comestibles
 b - 2 bread rations


   Skills:
 + Level 4.5(3.8) Fighting
 + Level 5.4(4.7) Dodging
 + Level 1.7(1.1) Stealth
 + Level 7.2(6.4) Unarmed Combat


You had 7 spell levels left.
You didn't know any spells.

Dungeon Overview and Level Annotations

Branches:
Dungeon (6/15)
 Temple: D:4-7

Altars:
Trog


Innate Abilities, Weirdness & Mutations

You are too large for most types of armour.
You have claws for hands.
Your metabolism is lightning-fast.
You like to eat raw meat.
You heal very quickly.
You are covered in fur (AC +1).
You have very tough skin (AC +2).


Message History

The wight is moderately damaged.
The wight closely misses you.
You scratch the wight.
The wight is moderately damaged.
The wight hits you with an enchanted trident!
* * * LOW HITPOINT WARNING * * *
The wight hits you from afar with a halberd!
* * * LOW HITPOINT WARNING * * *
A red film seems to cover your vision as you go berserk!
You feel yourself moving faster!
You feel mighty!
You feel somewhat more hungry.
The wight hits you with an enchanted trident.
* * * LOW HITPOINT WARNING * * *
The wight hits you from afar with a halberd.
* * * LOW HITPOINT WARNING * * *
You are too berserk!
You claw the wight!
You destroy the wight!
The wight hits you with a halberd!
You die...

###.###......#
# #......#
#......#
#......# #
#......#
###.###......#
.............#
.........)).<#
..#.......@###
#.)....z.#
#####.....#
#..........
...........###
..........>#
..........##
#.....(...#
#.........#


You could see a wight.

Vanquished Creatures
  A water moccasin (D:5)
  A phantom (D:4)
  3 ogres (D:5)
  An elf zombie (Ossuary)
  2 scorpions
  2 wights (D:6)
  2 crimson imps
  A centaur zombie (Ossuary)
  A centaur skeleton (D:5)
  Ijyb (D:2)
  A hound (D:5)
  2 worker ants (D:4)
  An iguana (D:4)
  2 big kobold zombies (Ossuary)
  2 mummies (Ossuary)
  5 adders
  2 oozes
  3 adder zombies (Ossuary)
  2 worms
  3 giant geckos
  15 orcs
  5 bats
  4 giant cockroaches
  6 goblins
  15 hobgoblins
  A quokka (D:2)
  2 ball pythons
  A goblin zombie (Ossuary)
  7 hobgoblin zombies (Ossuary)
  2 jackal zombies (Ossuary)
  10 kobolds
  12 kobold zombies (Ossuary)
  5 orc zombies (Ossuary)
  9 rats
  2 rat zombies (Ossuary)
134 creatures vanquished.

Vanquished Creatures (others)
  A plant (D:1)
1 creature vanquished.

Grand Total: 135 creatures vanquished

Notes
Turn   | Place    | Note
--------------------------------------------------------------
     0 | D:1      | TheBoneZone the Troll Monk began the quest for the Orb.
     0 | D:1      | Reached XP level 1. HP: 22/22 MP: 0/0
   138 | D:1      | Reached XP level 2. HP: 29/29 MP: 1/1
  1037 | D:2      | Noticed Ijyb
  1049 | D:2      | Killed Ijyb
  1049 | D:2      | Reached XP level 3. HP: 28/36 MP: 2/2
  1161 | D:2      | Reached skill level 5 in Unarmed Combat
  1161 | D:2      | Reached XP level 4. HP: 31/44 MP: 3/3
  1852 | D:3      | Found a bloodstained altar of Trog.
  1876 | D:3      | Became a worshipper of Trog the Wrathful
  1876 | D:3      | Reached * piety under Trog
  1876 | D:3      | Reached ** piety under Trog
  1902 | D:3      | Reached XP level 5. HP: 47/53 MP: 4/4
  2418 | D:4      | Noticed a phantom
  2455 | D:4      | Killed a phantom
  2455 | D:4      | Reached XP level 6. HP: 29/61 MP: 5/5
  2606 | D:4      | Found a sand-covered staircase.
  2626 | Ossuary  | Entered an ossuary
  2809 | Ossuary  | Reached skill level 6 in Unarmed Combat
  3366 | D:4      | Reached XP level 7. HP: 66/68 MP: 6/6
  3716 | D:5      | Entered Level 5 of the Dungeon
  3885 | D:5      | Reached skill level 5 in Dodging
  3979 | D:5      | Reached skill level 7 in Unarmed Combat
  3979 | D:5      | Reached XP level 8. HP: 52/79 MP: 7/7
  4315 | D:6      | HP: 3/118 [wight/halberd (5)]
  4317 | D:6      | Mangled by a wight

Action                   |  1- 3 |  4- 6 |  7- 9 || total
-------------------------+-------+-------+-------++-------
Melee: Unarmed           |    75 |   229 |    68 ||   372
Invok: Burn Spellbooks   |       |     2 |       ||     2
       Berserk           |       |     1 |     1 ||     2
  Use: Scroll            |       |     7 |     1 ||     8
       Potion            |       |    10 |     1 ||    11
  Eat: Chunk             |     7 |    13 |     9 ||    29
       Bread ration      |     1 |     1 |     1 ||     3
